 Dungeon Crawl Stone Soup version 0.29-a0-322-g68df515428 (webtiles) character file.

Game seed: 9230154142264142728

262 oblizorion1 the Chopper (level 6, 0/56 HPs)
             Began as a Hill Orc Cinder Acolyte on Apr 5, 2022.
             Was an Initiate of Ignis.
             Slain by Pikel
             ... wielding a +0 whip of freezing
              (3 damage)
             ... on level 4 of the Dungeon.
             The game lasted 00:14:33 (3609 turns).

oblizorion1 the Chopper (Hill Orc Cinder Acolyte)   Turns: 3609, Time: 00:14:35

Health: 0/56       AC:  8    Str: 19    XL:     6   Next: 18%
Magic:  7/7        EV: 10    Int: 14    God:    Ignis [......]
Gold:   114        SH:  0    Dex:  6    Spells: 7/7 levels left

rFire   + . .      SeeInvis .   a - +2 hand axe (flame)
rCold   . . .      Faith    .   d - orb {light}
rNeg    . . .      Spirit   .   n - +0 ring mail
rPois   .          Reflect  .   (no helmet)
rElec   .          Harm     .   (no cloak)
rCorr   .          Rampage  .   (no gloves)
Will    .....                   r - +2 pair of boots
Stlth   ..........              (no amulet)
HPRegen 0.18/turn               (no ring)
MPRegen 0.10/turn               (no ring)

@: glowing
A: no striking features
a: Renounce Religion, Rising Flame


You were on level 4 of the Dungeon.
You worshipped Ignis.
Ignis was noncommittal.
You visited 1 branch of the dungeon, and saw 4 of its levels.

You collected 114 gold pieces.

Inventory:

Hand Weapons
 a - a +2 hand axe of flaming (weapon)
 o - a +1 flail of protection
Armour
 d - an orb of light (worn)
 n - a +0 ring mail (worn)
 r - a +2 pair of boots (worn)
Scrolls
 f - a scroll of summoning
Potions
 c - a potion of degeneration {unknown}
 e - a potion of brilliance {unknown}
 h - a potion of resistance
 p - 2 potions of heal wounds {unknown}


   Skills:
 + Level 5.1 Fighting
 + Level 6.5 Axes
 + Level 0.4 Armour
 + Level 1.9 Dodging
 + Level 0.5 Stealth
 + Level 1.0 Spellcasting
 + Level 3.6 Fire Magic


You had 7 spell levels left.
You didn't know any spells.
Your spell library contained the following spells:

 Spells                   Type           Power      Damage    Failure   Level
 Scorch                   Fire           20%        2d6       16%         2
 Conjure Flame            Conj/Fire      5%         6-21      54%         3
 Ignite Poison            Fire/Tmut/Pois 4%         N/A       63%         3
 Sticky Flame             Conj/Fire      5%         2d3       91%         4


Dungeon Overview and Level Annotations

Branches:
Dungeon (4/15)
 Temple: D:4-7

Altars:
Ashenzari
Trog
Uskayaw

Annotations:
D:4 Natasha, Pikel


Message History

The foxfire hits the lemure.
The lemure is heavily wounded.
The foxfire hits Pikel.
Pikel resists.
Pikel is lightly wounded.
The foxfire hits Pikel but does no damage.
Pikel is lightly wounded.
The lemure hits you.
Your foxfire dissipates!
Pikel attacks as you move away!
Pikel hits you with a +0 whip of freezing!
Pikel freezes you.
The foxfire hits Pikel but does no damage.
Pikel is lightly wounded.
You slash the lemure! You burn the lemure.
You kill the lemure!
That felt strangely unrewarding.
You hit Pikel.
Pikel is moderately wounded.
Natasha mumbles some strange words.
Pikel hits you with a +0 whip of freezing.
Pikel freezes you.
You hit Pikel.
Pikel is moderately wounded.
Pikel hits you with a +0 whip of freezing.
* * * LOW HITPOINT WARNING * * *
Pikel freezes you.
* * * LOW HITPOINT WARNING * * *
You hit Pikel but do no damage.
Pikel is moderately wounded.
Pikel closely misses you.
The crimson imp blinks!
You hit Pikel. You burn Pikel.
Pikel is heavily wounded.
Pikel closely misses you.
You hit Pikel.
Pikel is heavily wounded.
The white imp disappears in a puff of smoke!
Pikel hits you with a +0 whip of freezing!
* * * LOW HITPOINT WARNING * * *
Pikel freezes you.
You die...

#.# ..# . # ..### .
.#.####.... .##
5.......# #.. #.....#
#.# .#..##.#######.#
.............#5########
.......†....5§5K@....>#
...###########h#.######
.. 5.§#.# . #####.# #.#
#.# #.# #.#


You could see Pikel (resistant), 2 lemures, an iron imp (summoned), Natasha and
a crimson imp (summoned).

Vanquished Creatures
  A centaur (D:3)
  A lemure (D:4)
  A gnoll shaman (D:4)
  An iguana (D:2)
  4 adders
  4 gnolls (D:4)
  A worm (D:4)
  2 dart slugs
  5 orcs (D:3)
  4 endoplasms
  4 goblins
  2 hobgoblins (D:2)
  2 kobolds
  A quokka (D:3)
  4 ball pythons
  3 bats
  4 frilled lizards
  5 rats
49 creatures vanquished.

Vanquished Creatures (others)
  44 foxfires
44 creatures vanquished.

Grand Total: 93 creatures vanquished

Notes
Turn   | Place    | Note
-------+----------+-------------------------------------------
     0 | D:1      | oblizorion1 the Hill Orc Cinder Acolyte began the quest for
                  | the Orb.
     0 | D:1      | Reached XP level 1. HP: 19/19 MP: 2/2
    98 | D:1      | Reached XP level 2. HP: 14/27 MP: 3/3
   434 | D:3      | Found a broken altar of Ashenzari.
   685 | D:2      | Reached XP level 3. HP: 2/33 MP: 4/4
  1296 | D:2      | Reached skill level 5 in Axes
  1296 | D:2      | Reached skill level 1 in Dodging
  1296 | D:2      | Reached XP level 4. HP: 41/41 MP: 5/5
  1442 | D:3      | HP: 2/41 [poisoned by an adder]
  2086 | D:3      | Found a hide-covered altar of Uskayaw.
  2088 | D:3      | Found a bloodstained altar of Trog.
  2340 | D:3      | Noticed a centaur
  2348 | D:3      | Killed a centaur
  2349 | D:3      | Reached XP level 5. HP: 16/47 MP: 6/6
  2848 | D:3      | Reached skill level 6 in Axes
  3201 | D:4      | Reached skill level 5 in Fighting
  3208 | D:4      | Reached XP level 6. HP: 23/56 MP: 7/7
  3586 | D:4      | Noticed Pikel
  3586 | D:4      | Noticed Natasha
  3609 | D:4      | Slain by Pikel

Illustrated notes

Levels and vault maps discovered:
D:1:      minmay_arrival_three_doors, layout_basic, st_stairs_11
D:2:      layout_rooms, shapermc_ecumenical_altar_venn, minmay_octomino_j4
D:3:      layout_loops_corners, nicolae_ashenzari_skybound,
          mainiacjoe_overflow_catwalk_spiral, kennysheep_generic_room_4
D:4:      layout_basic, grunt_ministairs_3, minmay_misc_feat_iff, uniq_edmund,
          uniq_natasha, uniq_pikel

Skill      XL: |  1  2  3  4  5 |
---------------+----------------+-----
Fighting       | 4 5 |  5.1
Axes           | 5 6 |  6.5
Dodging        | 1 |  1.9
Armour         | |  0.4
Stealth        | |  0.5
Spellcasting   | |  1.0
Fire Magic     | |  3.6

Action                   |  1- 3 |  4- 6 || total
-------------------------+-------+-------++-------
Melee: Hand axe          |    54 |    81 ||   135
Invok: Foxfire Swarm     |     2 |     5 ||     7
       Fiery Armour      |       |     1 ||     1
  Use: Scroll            |       |    13 ||    13
Armor: Robe              |     9 |     5 ||    14
       Ring mail         |       |    20 ||    20
Dodge: Dodged            |    39 |    49 ||    88

Table legend: (Time is in decaauts)
 A = Elapsed time spent in this place.
 B = Non-inter-level travel time spent in this place.
 C = Inter-level travel time spent in this place.
 D = Time resting spent in this place.
 E = Time spent auto-exploring this place.
 F = Levels seen in this place.
 G = Mean time per level.
                   A        B        C        D        E       F      G
               +--------+--------+--------+--------+--------+-----+--------+
         Total |   3613 |   3533 |     80 |   2229 |    579 |   4 |  903.2 |
       Dungeon |   3613 |   3533 |     80 |   2229 |    579 |   4 |  903.2 |
               +--------+--------+--------+--------+--------+-----+--------+

Top non-repeatable levels by time:
     D:3: 1889 daAuts
     D:2: 943 daAuts
     D:4: 419 daAuts
     D:1: 361 daAuts
